AoeStats
← [NOE] Jupiter

Pilgrims

508172183Analyzed
2v2 RM · 12d ago on Sep 21, 2026· 24m 19s· 4 players
Game mode
Random Map
Map size
Medium (4 player)
Population
200
Speed
Normal
Resources
Standard
Victory
Conquest
Starting age
Dark Age
Ending age
Imperial Age
RankedLock teamsTeams togetherTeam positionsShared explorationLock speedFull tech treeHidden civsTurbo modeCheats
Victory
Defeat
🇺🇸 Persians · United States
1497
+15
🇲🇽 Vietnamese · Mexico
1345
+21
🇫🇷 Japanese · France
1483
-19
🇫🇷 Malay · France
1447
-17
[NOE] Jupiter
3:49 Loom
10:47 Feudal Age
12:20 Fishing Lines
15:29 Castle Age
14:45 Scale Barding Armor
14:29 Double-Bit Axe
14:26 Horse Collar
16:41 Fishing Lines
17:09 Husbandry
17:22 Forging
17:53 Bow Saw
19:18 Gillnets
20:09 Iron Casting
21:23 Light Cavalry
[NOE] Lyrendir
2:49 Loom
12:08 Feudal Age
13:24 Double-Bit Axe
16:45 Fletching
16:52 Fishing Lines
19:58 Castle Age
18:36 Wheelbarrow
20:37 Bodkin Arrow
20:56 Medium Warships
20:46 Gillnets
22:48 Redemption
24:33 Hand Cart
Matter JV
8:47 Feudal Age
9:19 Double-Bit Axe
10:27 Loom
13:23 Town Watch
17:14 Castle Age
18:38 Medium Warships
luislm6621
5:47 Loom
9:31 Feudal Age
10:08 Town Watch
15:53 Castle Age
14:39 Double-Bit Axe
15:43 Fletching
21:14 Bodkin Arrow
Connection lost

Rejoining the realm…

Still unreachable

The connection could not be restored.

Session expired

The server has moved on; the page needs a fresh start.